Map: New Repugnancy LE

Players

Vanillasky

  • Race: Protoss Protoss
  • Spawn Location: 7:00

NOTAKON - Winner!

  • Race: Terran Terran
  • League: Grandmaster
  • Spawn Location: 1:00

VOD

Have the link to the VOD?

Description

Time

  • Played on: June 11, 2019, 7:06 a.m.
  • Length: 8:57
Show
View Real Time Build Order
Export as new Build Order

Vanillasky Protoss 

Build Orders: 1 Gate Expand, Double Forge, Blink Stalkers 

Get SALT Encoding   

  12  0:00  Probe  
  13  0:12  Probe  
  14  0:17  Pylon  
  14  0:24  Probe  
  15  0:32  Probe  
  15  0:38  Gateway  
  15  0:40  Probe  
  16  0:47  Assimilator  
  17  0:51  Probe  
  18  1:03  Probe  
  19  1:15  Probe  
  20  1:25  Cybernetics Core  
  20  1:28  Probe  
  21  1:38  Nexus  
  21  1:45  Pylon  
  21  1:49  Probe  
  21  1:51  Assimilator  
  22  1:55  Adept  
  22  1:57  Probe  
  22  2:06  Probe  
  26  2:17  Twilight Council  
  26  2:18  Probe  
  27  2:23  Stalker  
  29  2:35  Probe  
  30  2:37  Warp Gate  
  30  2:46  Probe  
  30  2:47  Probe  
  30  2:49  Blink  
  32  2:54  Probe  
  32  2:59  Probe  
  32  3:04  Probe  
  34  3:11  Probe  
  36  3:17  Probe  
  36  3:24  Probe, Robotics Facility  
  37  3:29  Probe  
  38  3:36  Probe  
  38  3:38  Gateway  
  39  3:41  Probe, Gateway  
  39  3:48  Probe  
  39  3:52  Probe  
  40  3:55  Assimilator  
  40  3:57  Stalker  
  40  3:59  Pylon  
  40  4:00  Probe  
  40  4:01  Probe  
  44  4:11  Observer  
  44  4:12  Probe  
  44  4:15  Probe  
  46  4:20  Nexus  
  47  4:24  Probe  
  47  4:27  Probe  
  49  4:32  Forge  
  49  4:33  Forge  
  49  4:35  Stalker  
  51  4:42  Observer  
  51  4:45  Stalker  
  54  4:47  Pylon  
  54  4:48  Pylon  
  54  4:51  Charge  
  54  4:53  Gateway  
  54  5:05  Probe x2, Sentry  
  54  5:06  Pylon  
  58  5:16  Protoss Ground Weapons Level 1, Protoss Ground Armor Level 1, Stalker x2  
  58  5:17  Probe x2  
  64  5:29  Probe  
  64  5:30  Gateway  
  64  5:32  Probe  
  66  5:35  Sentry  
  66  5:40  Probe, Zealot x2  
  66  5:41  Probe  
  74  5:49  Shield Battery  
  74  5:50  Shield Battery  
  72  6:01  Zealot x3  
  78  6:07  Zealot  
  74  6:25  Zealot x2  
  67  6:26  Zealot x2  
  61  6:33  Zealot  
  42  6:52  Zealot  
  42  6:53  Zealot x4  
  37  7:01  Probe  
  37  7:02  Probe x2  
  39  7:13  Probe  
  39  7:14  Probe x2  
  40  7:16  Zealot x3  
  40  7:17  Zealot x2, Warp Prism  
  52  7:25  Probe  
  53  7:34  Pylon  
  53  7:42  Zealot x3  
  53  7:43  Zealot x2  
  63  7:51  Gateway  
  63  7:55  Probe x3, Gateway  
  66  8:06  Observer  
  67  8:16  Zealot x3  
  67  8:17  Zealot x2  
  77  8:25  Pylon  
  75  8:39  Zealot x2  
  75  8:40  Zealot x3  
  49  8:50  Zealot  
  49  8:51  Zealot  
Show
View Real Time Build Order
Export as new Build Order

NOTAKON Terran - Winner!

Build Orders: Reaper Expand 

Get SALT Encoding   

  12  0:01  SCV  
  13  0:13  SCV  
  14  0:18  Supply Depot  
  14  0:25  SCV  
  15  0:39  SCV  
  15  0:41  Barracks  
  16  0:44  Refinery  
  16  0:51  SCV  
  17  1:03  SCV  
  18  1:16  SCV  
  19  1:29  Reaper, Orbital Command  
  20  1:45  Command Center  
  20  1:54  Supply Depot  
  20  1:55  SCV  
  21  2:02  Barracks Reactor  
  21  2:07  SCV  
  22  2:14  Barracks  
  22  2:19  SCV  
  23  2:23  Barracks  
  23  2:31  SCV  
  24  2:39  Marine x2  
  24  2:43  SCV  
  27  2:55  Engineering Bay, SCV  
  27  2:57  Orbital Command  
  28  2:59  Marine x2  
  30  3:08  SCV  
  30  3:09  Barracks Tech Lab  
  30  3:11  Barracks Tech Lab  
  31  3:20  SCV  
  31  3:21  Marine x2  
  31  3:23  SCV  
  35  3:33  SCV  
  36  3:35  SCV  
  36  3:41  Marine x4  
  39  3:42  Stimpack  
  39  3:44  Terran Infantry Weapons Level 1  
  39  3:45  SCV  
  39  3:47  SCV  
  43  3:57  SCV  
  43  3:58  Supply Depot  
  43  3:59  Marauder  
  43  4:00  Bunker  
  46  4:05  Supply Depot  
  46  4:17  Supply Depot  
  46  4:19  Combat Shield, SCV x2, Marine x2  
  46  4:20  Marauder  
  46  4:23  Refinery, Marauder  
  54  4:31  SCV x2  
  56  4:39  Marine x2  
  56  4:41  Marauder  
  56  4:43  SCV x2  
  62  4:47  Supply Depot  
  62  4:48  Marauder  
  64  4:56  SCV  
  64  4:57  Marine x2  
  64  4:59  SCV  
  67  5:02  Marauder  
  69  5:08  SCV  
  69  5:10  Marauder  
  69  5:11  SCV  
  69  5:13  Supply Depot  
  73  5:15  Marine x2  
  73  5:16  Factory  
  73  5:17  Refinery  
  73  5:18  Refinery  
  73  5:20  SCV  
  76  5:23  SCV, Marine  
  78  5:34  Marine  
  78  5:35  SCV, Supply Depot, Marine  
  81  5:39  SCV  
  82  5:43  Supply Depot, Marine  
  82  5:44  Marine  
  84  5:51  Barracks  
  84  5:53  Barracks  
  82  6:00  SCV x2  
  82  6:04  Marine x2, Marauder x2  
  88  6:06  Factory Reactor  
  88  6:10  Starport  
  88  6:12  SCV  
  82  6:33  Marine x2, Marauder x2  
  82  6:34  SCV  
  85  6:42  SCV  
  85  6:43  Barracks Reactor, Barracks Tech Lab  
  85  6:45  Terran Infantry Armor Level 1, Concussive Shells, Ghost Academy  
  84  7:00  SCV x2  
  81  7:03  Marine  
  81  7:04  Marine, Marauder x3  
  86  7:14  Medivac x2  
  86  7:15  Factory Reactor  
  86  7:21  Marine  
  86  7:22  Supply Depot  
  84  7:23  Marine  
  84  7:24  Ghost x2  
  84  7:25  Supply Depot  
  84  7:26  Supply Depot, Marine  
  84  7:28  Ghost  
  92  7:40  Marine  
  92  7:41  Marine x2  
  92  7:44  Medivac x2, Marine  
  95  7:47  Supply Depot  
  100  7:55  Supply Depot  
  100  7:56  Marine  
  100  7:57  Liberator, Marauder x2  
  100  7:58  Supply Depot, Marine  
  105  8:02  Marine x2  
  105  8:04  Widow Mine x2  
  112  8:10  Marine  
  113  8:15  Marauder  
  113  8:16  Marine  
  113  8:17  Medivac, Command Center  
  113  8:19  Marauder x2  
Tags
 
Add a new tag
Caveats
  • Supply blocks, unpowered buildings, or Contaminate may cause inaccurate times.
  • Supply counts are checked every 10 seconds.